 Dungeon Crawl Stone Soup version 0.32-a0-932-g546787307d (webtiles) character file.

Game seed: 14183121749208242823

380 arvianne the Sneak (level 7, -4/41 HPs)
             Began as a Kobold Brigand on Apr 14, 2024.
             Was a Believer of Uskayaw.
             Slain by a gnoll
             ... wielding a +0 whip
              (6 damage)
             ... on level 3 of the Dungeon.
             The game lasted 00:15:13 (2816 turns).

arvianne the Sneak (Kobold Brigand)                 Turns: 2816, Time: 00:15:14

Health: -4/41      AC:  4    Str:  8    XL:     7   Next: 5%
Magic:  7/7        EV: 14    Int: 13    God:    Uskayaw [**....]
Gold:   92         SH:  0    Dex: 16    Spells: 6/6 levels left

rFire   . . .        m - +0 short sword (venom)
rCold   . . .        (no shield)
rNeg    . . .        b - +0 robe
rPois   +            (no helmet)
rElec   .            c - +0 cloak
rCorr   .            (no gloves)
SInv    .            i - +0 pair of boots
Will    .....        (no amulet)
Stlth   +++++        f - ring of poison resistance
HPRegen 0.26/turn    (no ring)
MPRegen 0.10/turn

%: no passive effects
@: hasted, very quick
A: small, no large weapons, nightstalker 3, clumsy 1, wild magic 1
a: Renounce Religion, Stomp, Line Pass


You were on level 3 of the Dungeon.
You worshipped Uskayaw.
Uskayaw was noncommittal.
You visited 1 branch of the dungeon, and saw 3 of its levels.

You collected 92 gold pieces.

Inventory:

Hand Weapons
 a - a +2 dagger
 m - a +0 short sword of venom (weapon)
Missiles
 d - 14 poisoned darts (quivered)
 e - 3 curare-tipped darts
Armour
 b - a +0 robe (worn)
 c - a +0 cloak (worn)
 i - a +0 pair of boots (worn)
Jewellery
 f - a ring of poison resistance (left hand)
 k - a ring of protection from fire
Wands
 g - a wand of paralysis (9)
Scrolls
 j - 5 scrolls of identify
 o - 2 scrolls of enchant armour
 p - a scroll of poison {unknown}
Potions
 l - a potion of resistance {unknown}
 r - a potion of attraction {unknown}


   Skills:
 + Level 3.6 Fighting
 * Level 5.6 Short Blades
 - Level 2.4 Throwing
 + Level 3.2 Dodging
 * Level 7.6 Stealth


You had 6 spell levels left.
You didn't know any spells.
Your spell library contained the following spells:

 Spells                   Type           Power      Damage    Failure   Level
 Apportation              Tloc           0%         N/A       38%         1
 Cigotuvi's Dreadful Rot  Necr/Alch/Air  0%         N/A       52%         2
 Jinxbite                 Hex            0%         N/A       52%         2
 Ignite Poison            Fire/Alch      0%         N/A       98%         4
 Alistair's Intoxication  Alch           0%         N/A       100%        5
 Freezing Cloud           Conj/Ice/Air   0%         6-21      100%        5


Dungeon Overview and Level Annotations

Branches:
Dungeon (3/15)

Altars:
Uskayaw

Shops:
D:3 *


Innate Abilities, Weirdness & Mutations

You are small and have problems with some larger weapons.
You are completely attuned to the shadows.
You are clumsy. (Dex -2)
Your spells are a little harder to cast, but a little more powerful.


Message History

A dart slug and a gnoll come into view.
The helpless gnoll fails to defend itself.
You impale the gnoll!!
You kill the gnoll!
You have reached level 7!
The gnoll shouts! x3
The gnoll hits you but does no damage. The gnoll barely misses you.
The gnoll hits you with a +0 flail.
You see here a +0 whip.
You hit the gnoll.
The gnoll is lightly wounded.
You hit the gnoll.
The gnoll is moderately wounded.
The gnoll hits you with a +0 whip.
The gnoll hits you from afar with a +0 spear.
The gnoll hits you with a +0 flail!
You puncture the gnoll!
The gnoll is poisoned.
The gnoll is almost dead.
The gnoll misses you. The gnoll barely misses you.
The gnoll closely misses you.
You can now pass through a line of other dancers.
You hit the gnoll.
You kill the gnoll!
The gnoll hits you from afar with a +0 spear.
The gnoll hits you with a +0 whip!
* * * LOW HITPOINT WARNING * * *
You hit the gnoll but do no damage.
The gnoll is poisoned.
You hit the gnoll but do no damage.
The gnoll looks as sick as possible!
The gnoll hits you from afar with a +0 spear.
* * * LOW HITPOINT WARNING * * *
The gnoll hits you with a +0 whip.
* * * LOW HITPOINT WARNING * * *
It was a potion of haste.
You feel yourself speed up. The gnoll barely misses you. x2
It was a potion of mutation.
You feel extremely strange.
You feel clumsy.
You feel less in control of your magic. The dart slug closely misses you.
The gnoll barely misses you. The gnoll hits you with a +0 whip.
You die...
Your body falls in perfect tune with the rhythm.

#. #.# #.# ####g####.
#....w@)g.. ##
#.###.####. .#
#.##.#.....# .#
#.##.......# .#
#.##.#.....#
.#######...##.†...#
..........###.....##.
.#########.#####.....
.# ##.###.####>


You could see 2 gnolls and a dart slug.

Vanquished Creatures
  Grinder (D:3)
  9 gnolls (D:3)
  4 adders (D:2)
  2 dart slugs
  4 ribbon worms
  5 bats
  4 endoplasms (D:1)
  A giant cockroach (D:2)
  5 goblins
  5 hobgoblins
  2 quokkas (D:1)
  2 ball pythons (D:1)
  2 frilled lizards (D:3)
  5 kobolds
  4 rats
55 creatures vanquished.

Notes
Turn   | Place    | Note
-------+----------+-------------------------------------------
     0 | D:1      | arvianne the Kobold Brigand began the quest for the Orb.
     0 | D:1      | Reached XP level 1. HP: 12/12 MP: 1/1
   378 | D:1      | Reached XP level 2. HP: 18/18 MP: 2/2
   811 | D:1      | Reached XP level 3. HP: 22/22 MP: 3/3
  1264 | D:2      | Reached XP level 4. HP: 27/27 MP: 4/4
  1371 | D:2      | Reached skill level 6 in Stealth
  1842 | D:3      | Noticed Grinder
  1855 | D:3      | Killed Grinder
  1856 | D:3      | Reached skill level 5 in Short Blades
  1856 | D:3      | Reached skill level 7 in Stealth
  1856 | D:3      | Reached XP level 5. HP: 3/32 MP: 5/5
  1856 | D:3      | Reached XP level 6. HP: 3/37 MP: 6/6
  2190 | D:3      | Found a faded altar of an unknown god.
  2201 | D:3      | Prayed at the altar of an unknown god.
  2201 | D:3      | Became a worshipper of Uskayaw the Reveller
  2201 | D:3      | Reached * piety under Uskayaw
  2239 | D:3      | Found Miuroi Rept's Assorted Antiques.
  2808 | D:3      | Reached XP level 7. HP: 41/41 MP: 7/7
  2811 | D:3      | Reached ** piety under Uskayaw
  2814 | D:3      | HP: 2/41 [gnoll/+0 whip (6)]
  2816 | D:3      | Gained mutation: You are clumsy. (Dex -2) [potion of
                  | mutation]
  2816 | D:3      | Gained mutation: Your spells are a little harder to cast,
                  | but a little more powerful. [potion of mutation]
  2816 | D:3      | Slain by a gnoll

Illustrated notes

Levels and vault maps discovered:
D:1:      scummos_arrival_simple_fountains, layout_basic, serial_glass,
          glass_columns_c, glass_columns_b, minmay_pentomino_u2
D:2:      layout_loops_ring, amcnicky_mini_rare_corridor_liquid, st_stairs_7
D:3:      layout_loops_ring, shapermc_ecumenical_altar_starsandcircs,
          serial_shops, nicolae_shop_trees, grunt_ministairs_13, uniq_grinder

Skill      XL: |  1  2  3  4 |
---------------+-------------+-----
Short Blades   | 3 5 |  5.6
Dodging        | 2 3 |  3.2
Stealth        | 7 |  7.6
Fighting       | 3 |  3.6
Throwing       | |  2.4

Action                     |  1- 3 |  4- 6 |  7- 9 || total
---------------------------+-------+-------+-------++-------
  Melee: Dagger            |    14 |       |       ||    14
         Short sword       |    43 |    75 |     6 ||   124
  Throw: Dart              |       |     7 |       ||     7
    Use: Scroll            |       |     5 |       ||     5
         Potion            |       |     1 |     2 ||     3
   Stab: Sleeping          |    13 |    10 |       ||    23
         Distracted        |     1 |       |       ||     1
         Invisible         |       |     3 |       ||     3
 Armour: Robe              |    16 |    35 |    10 ||    61
  Dodge: Dodged            |    36 |    53 |     8 ||    97

Table legend: (Time is in decaauts)
 A = Elapsed time spent in this place.
 B = Non-inter-level travel time spent in this place.
 C = Inter-level travel time spent in this place.
 D = Time resting spent in this place.
 E = Time spent auto-exploring this place.
 F = Levels seen in this place.
 G = Mean time per level.
                   A        B        C        D        E       F      G
               +--------+--------+--------+--------+--------+-----+--------+
         Total |   2784 |   2784 |      0 |    400 |     56 |   3 |  928.0 |
       Dungeon |   2784 |   2784 |      0 |    400 |     56 |   3 |  928.0 |
               +--------+--------+--------+--------+--------+-----+--------+

Top non-repeatable levels by time:
     D:1: 1046 daAuts
     D:3: 965 daAuts
     D:2: 772 daAuts
